 Dungeon Crawl Stone Soup version 0.21.1-1-g345015fe64 (webtiles) character file.

466 RepoMan the Ruffian (level 6, -6/46 (47) HPs)
             Began as a Draconian Transmuter on July 6, 2018.
             Mangled by a slave (9 damage)
             ... led by Pikel
             ... in the Ecumenical Temple.
             The game lasted 00:27:39 (4814 turns).

RepoMan the Ruffian (Draconian Transmuter)          Turns: 4814, Time: 00:27:40

HP:   -6/46 (47)    AC:  2    Str: 13      XL:     6   Next: 81%
MP:   6/11          EV: 19    Int: 14      God:
Gold: 153           SH:  0    Dex: 13 (17) Spells: 6/12 levels left

rFire    . . .     SeeInvis .     - Unarmed
rCold    . . .     Gourm    .   (shield currently unavailable)
rNeg     . . .     Faith    .   (armour unavailable)
rPois    x         Spirit   .   (helmet currently unavailable)
rElec    .         Reflect  .   (cloak currently unavailable)
rCorr    .         Harm     .   (gloves currently unavailable)
MR       .....                  (boots currently unavailable)
Stlth    +.........             (no amulet)
HPRegen  0.15/turn              (no ring)
MPRegen  0.12/turn              (no ring)

@: spider-form
A: tiny, unfitting armour, AC +6
a: End Transformation


You were in the Ecumenical Temple.
You were not hungry.
You were a venomous arachnid creature.
You visited 2 branches of the dungeon, and saw 7 of its levels.

You collected 153 gold pieces.

Inventory:

Missiles
 a - 31 arrows
Jewellery
 g - an uncursed ring of flight {unknown}
Scrolls
 d - a scroll of noise {unknown}
 e - 3 scrolls of identify
 f - a scroll of remove curse {unknown}
 h - a scroll of amnesia {unknown}
 i - a scroll of fear {unknown}
 k - 2 scrolls of teleportation {unknown}
Books
 b - a book of Changes

   Spells                             Type                      Level
   a - Beastly Appendage              Transmutation                1
   b - Sticks to Snakes               Transmutation                2
   c - Spider Form                    Transmutation/Poison         3
   d - Ice Form                       Ice/Transmutation            4
   e - Blade Hands                    Transmutation                5
Comestibles
 c - 3 rations


   Skills:
 - Level 1.1 Fighting
 - Level 1.7 Dodging
 * Level 5.9 Unarmed Combat
 + Level 3.7 Spellcasting
 + Level 4.0 Transmutations


You had 6 spell levels left.
You knew the following spells:

 Your Spells              Type           Power        Failure   Level  Hunger
a - Beastly Appendage     Tmut           ##....       12%         1    None
c - Spider Form           Tmut/Pois      #.........   47%         3    ###....
s - Sticks to Snakes      Tmut           ##......     17%         2    ##.....


Dungeon Overview and Level Annotations

Branches:
Dungeon (6/15)             Temple (1/1) D:6

Altars:
Vehumet

Annotations:
D:1 exclusion: downstairs
D:2 Sigmund
D:4 martinkus's ghost, novice GrFi
D:5 Lokiki's ghost, amateur SpEn
D:6 Pikel


Innate Abilities, Weirdness & Mutations

((Your plain brown scales are hard. (AC +6)))
You cannot fit into any form of body armour.
((You are cold-blooded and may be slowed by cold attacks.))


Message History

* * * LOW HITPOINT WARNING * * *
The black bear bites you.
* * * LOW HITPOINT WARNING * * *
The black bear claws you.
* * * LOW HITPOINT WARNING * * *
The black bear misses you.
You climb downwards.
Welcome to the Ecumenical Temple!
There is a staircase back to the Dungeon here.
Okay, then.
Unknown command.
Unknown command.
Unknown command.
Unknown command.
Unknown command.
Unknown command.
Casting: Sticks to Snakes
Confirm with . or Enter, or press ? or * to list all spells.
You turn into a venomous arachnid creature.
The slave hits you!
You die...

.. #. .#
.. +#
##+## #+
..#...#..
.+...+.
#...#
#...#
#...#
#.s.#
#p.h#
#####


You could see a black bear and a slave.

Vanquished Creatures
  A centaur (D:5)
  2 crimson imps
  A quasit (D:6)
  An orc priest (D:3)
  3 orc wizards
  A worker ant (D:5)
  2 adders
  A howler monkey skeleton (D:4)
  2 leopard geckos
  11 orcs
  5 bats
  2 giant cockroaches (D:1)
  8 goblins
  5 hobgoblins
  A quokka (D:4)
  3 frilled lizards
  3 kobolds
  4 rats (D:1)
56 creatures vanquished.

Vanquished Creatures (collateral kills)
  A quasit (D:5)
  A hound (D:5)
  Jessica (D:2)
  2 adders
  A leopard gecko (D:5)
  A goblin (D:3)
  3 jackals (D:3)
  A kobold (D:1)
  A frilled lizard (D:1)
12 creatures vanquished.

Vanquished Creatures (others)
  An orc wizard (D:6)
1 creature vanquished.

Grand Total: 69 creatures vanquished

Notes
Turn   | Place    | Note
-------+----------+-------------------------------------------
     0 | D:1      | RepoMan the Draconian Transmuter began the quest for the Orb.
     0 | D:1      | Reached XP level 1. HP: 16/16 MP: 3/3
     6 | D:1      | Noticed a wyvern
     6 | D:1      | Noticed a hog
     6 | D:1      | Noticed a black mamba
   256 | D:1      | Reached XP level 2. HP: 23/23 MP: 5/5
   875 | D:1      | Learned a level 2 spell: Sticks to Snakes
  1290 | D:2      | Noticed an orc warrior
  1305 | D:2      | Noticed Jessica
  1312 | D:2      | Killed Jessica
  1312 | D:2      | Reached XP level 3. HP: 9/28 MP: 1/6
  1561 | D:2      | Noticed Sigmund
  2022 | D:2      | Reached skill level 4 in Unarmed Combat
  2022 | D:2      | Reached XP level 4. HP: 14/35 MP: 0/7
  2288 | D:2      | Found a radiant altar of Vehumet.
  2881 | D:3      | Reached XP level 5. HP: 8/40 MP: 7/9
  3722 | D:4      | Noticed martinkus's ghost (novice GrFi)
  3722 | D:4      | Noticed an ogre
  3746 | D:5      | Entered Level 5 of the Dungeon
  3759 | D:5      | Reached skill level 5 in Unarmed Combat
  4082 | D:5      | Noticed a centaur
  4084 | D:5      | Noticed a necrophage
  4092 | D:5      | Reached XP level 6. HP: 20/47 MP: 3/11
  4113 | D:5      | Noticed Lokiki's ghost (amateur SpEn)
  4152 | D:5      | HP: 2/46 [centaur zombie (5)]
  4510 | D:6      | Learned a level 3 spell: Spider Form
  4769 | D:6      | Found a staircase to the Ecumenical Temple.
  4769 | D:6      | Noticed Pikel
  4769 | D:6      | Noticed a slave
  4769 | D:6      | Noticed a slave
  4769 | D:6      | Noticed a slave
  4771 | D:6      | Noticed a slave
  4813 | Temple   | Entered the Ecumenical Temple
  4814 | Temple   | Mangled by a slave

Skill      XL: |  1  2  3  4  5  6 |
---------------+-------------------+-----
Unarmed Combat | 4 5 |  5.9
Transmutations | 3 4 |  4.0
Spellcasting   | 3 |  3.7
Fighting       | |  1.1
Dodging        | |  1.7

Action                   |  1- 3 |  4- 6 || total
-------------------------+-------+-------++-------
Melee: Unarmed           |   108 |   145 ||   253
       Kick              |     7 |    14 ||    21
       Tailslap          |     8 |    11 ||    19
       Headbutt          |     6 |     4 ||    10
       Punch             |     1 |     2 ||     3
 Cast: Beastly Appendage |    17 |    17 ||    34
       Sticks to Snakes  |     7 |    26 ||    33
       Spider Form       |       |     4 ||     4
  Use: Scroll            |     1 |       ||     1
       Potion            |     1 |     1 ||     2
 Stab: Sleeping          |       |     1 ||     1
  Eat: Chunk             |     4 |     5 ||     9
       Ration            |       |     2 ||     2
Armor: Skin              |    40 |    61 ||   101
Dodge: Dodged            |    95 |   120 ||   215
